 Dungeon Crawl Stone Soup version 0.31-a0-692-gf03d1854d5 (webtiles) character file.

Game seed: 10226999319435495071

1507 qw the Skirmisher (level 8, -8/51 HPs)
             Began as a Gargoyle Hunter on Sept 6, 2023.
             Mangled by a red ugly thing (23 damage)
             ... on level 6 of the Dungeon.
             The game lasted 00:02:13 (4072 turns).

qw the Skirmisher (Gargoyle Hunter)                 Turns: 4072, Time: 00:02:14

Health: -8/51      AC: 14    Str: 14    XL:     8   Next: 82%
Magic:  8/8        EV: 11    Int: 11    God:
Gold:   245        SH:  0    Dex: 15    Spells: 7/7 levels left

rFire   . . .        Y - +0 orcbow
rCold   + . .        (shield currently unavailable)
rNeg    + + .        c - +2 ring mail {rC+}
rPois   inf          (no helmet)
rElec   +            (no cloak)
rCorr   .            (no gloves)
SInv    .            d - +0 pair of boots
Will    .....        n - amulet of faith
Stlth   +            i - ring of positive energy
HPRegen 0.28/turn    (no ring)
MPRegen 0.11/turn

%: faith
@: no status effects
A: sickness immunity, AC +5, negative energy resistance 1, electricity
resistance, torment resistance 1, petrification resistance
a: no special abilities


You were on level 6 of the Dungeon.
You visited 1 branch of the dungeon, and saw 6 of its levels.

You collected 245 gold pieces.


Innate Abilities, Weirdness & Mutations

You are immune to sickness and miasma.
Your stone body is resilient. (AC +5)
You are immune to poison.
You resist negative energy. (rN+)
You are resistant to electric shocks. (rElec)
You are resistant to unholy torment.
You are immune to petrification.


   Skills:
 - Level 6.1 Fighting
 + Level 9.8 Ranged Weapons
 - Level 2.1 Armour
 - Level 2.0 Dodging
 - Level 1.1 Stealth


You had 7 spell levels left.
You didn't know any spells.
Your spell library was empty.

Inventory:

Hand Weapons
 Y - a +0 orcbow (weapon)
Armour
 b - the scarf "Juicuh" {harm, Dex+5}
   (You acquired it on level 5 of the Dungeon)

   Dex+5:     It affects your dexterity (+5).
 c - a +2 ring mail of cold resistance (worn)
 d - a +0 pair of boots (worn)
Jewellery
 i - a ring of positive energy (left hand)
 n - an amulet of faith (around neck)
Scrolls
 f - a scroll of identify
Potions
 a - a potion of enlightenment
 e - a potion of might
 g - 2 potions of haste
 j - a potion of resistance
 k - a potion of brilliance {unknown}
 l - a potion of ambrosia {unknown}
 m - a potion of curing {unknown}

Dungeon Overview and Level Annotations

Branches:
Dungeon (6/15)
 Temple: D:4-7

Altars:
Nemelex Xobeh


Message History

You climb downwards.
The red ugly thing gurgles horribly!
The iguana hisses angrily.
Found 29 gold pieces.
Found a stone staircase leading down.
There is a stone staircase leading up here.
There are monsters nearby!
Waypoint 5 assigned to D:6.
You shoot an arrow.
The arrow hits the iguana but does no damage.
4061 ||| STAIRDANCE The iguana bites you.
You climb upwards.
There is a stone staircase leading down here.
You shoot an arrow. The arrow hits the iguana!
The iguana is almost dead.
The iguana barely misses you.
You shoot an arrow. The arrow closely misses the iguana.
The iguana barely misses you.
You shoot an arrow. The arrow closely misses the iguana.
The iguana closely misses you.
You shoot an arrow.
The arrow hits the iguana but does no damage.
The iguana is almost dead.
The iguana barely misses you.
You shoot an arrow. The arrow hits the iguana.
The iguana is almost dead.
The iguana bites you but does no damage.
You shoot an arrow. The arrow hits the iguana!
You kill the iguana!
Done exploring.
What level of the Dungeon? (default 6, ? - help)
You climb downwards.
The red ugly thing tail-slaps you but does no damage.
There is a stone staircase leading up here.
You shoot an arrow.
The arrow barely misses the red ugly thing.
The red ugly thing tail-slaps you.
You are engulfed in flames!
The red ugly thing tail-slaps you.
You are engulfed in flames!
You shoot an arrow. The arrow hits the red ugly thing.
The red ugly thing is lightly wounded.
The red ugly thing tail-slaps you.
You are engulfed in flames!!
You die...

### .>#
####.# ....#
#u.# #.@#
...........#
#.####.....#
#.....#
.......$
..........
#.........#
......$####


You could see a red ugly thing.

Vanquished Creatures
  Grinder (D:4)
  An orc warrior (D:5)
  An ice beast (D:5)
  3 ogres (D:5)
  4 scorpions
  A howler monkey (D:4)
  2 jellies (D:5)
  2 hounds
  An orc priest (D:4)
  2 iguanas (D:5)
  A sleepcap (D:5)
  3 orc wizards
  7 gnolls
  11 adders
  3 ufetubi
  5 worms
  2 dart slugs
  12 orcs
  8 ball pythons
  5 bats
  7 endoplasms
  5 giant cockroaches
  7 goblins
  8 hobgoblins
  8 jackals (D:1)
  11 kobolds
  3 quokkas
  3 frilled lizards (D:1)
  5 rats
132 creatures vanquished.

Notes
Turn   | Place    | Note
-------+----------+-------------------------------------------
     0 | D:1      | qw the Gargoyle Hunter began the quest for the Orb.
     0 | D:1      | Reached XP level 1. HP: 12/12 MP: 1/1
     0 | D:1      | 0 ||| qw: Version: 0.3-a-76-g4403597
     0 | D:1      | 0 ||| qw: Game counter: 155
     0 | D:1      | 0 ||| qw: Melee chars always use a shield: true
     0 | D:1      | 0 ||| qw: God list: Okawaru
     0 | D:1      | 0 ||| qw: Allow faded altars: false
     0 | D:1      | 0 ||| qw: Do Orc after clearing Dungeon:15 true
     0 | D:1      | 0 ||| qw: Do second Lair branch before Depths: true
     0 | D:1      | 0 ||| qw: Lair rune preference: random
     0 | D:1      | 0 ||| qw: Goals: Normal
     0 | D:1      | 0 ||| PLANNING D:1-11
    95 | D:1      | Reached XP level 2. HP: 15/17 MP: 2/2
   391 | D:1      | Reached XP level 3. HP: 21/21 MP: 3/3
   404 | D:1      | Reached skill level 5 in Ranged Weapons
   731 | D:1      | 731 ||| UPGRADING to +0 pair of boots.
   736 | D:1      | 736 ||| READING scroll labelled TAOVISOUBB.
   737 | D:1      | 737 ||| READING 2 scrolls labelled TYDORO MOGAUR.
   738 | D:1      | 738 ||| READING 2 scrolls labelled DATISHR NISAMN.
   743 | D:1      | 743 ||| DROPPING scroll of butterflies.
   773 | D:2      | Reached skill level 3 in Fighting
   787 | D:2      | Reached XP level 4. HP: 22/28 MP: 4/4
   797 | D:2      | 797 ||| FLEEEEING.
   798 | D:2      | 798 ||| FLEEEEING.
   799 | D:2      | 799 ||| STAIRDANCE
   814 | D:2      | 814 ||| STAIRDANCE
   847 | D:2      | 847 ||| STAIRDANCE
  1069 | D:2      | Reached XP level 5. HP: 32/32 MP: 5/5
  1070 | D:2      | 1070 ||| Stepping ~*~*~tactically~*~*~ (outnumbered).
  1090 | D:2      | Reached skill level 6 in Ranged Weapons
  1151 | D:2      | Reached skill level 1 in Armour
  1371 | D:2      | 1371 ||| UPGRADING to +0 ring mail.
  1381 | D:2      | 1381 ||| DROPPING +0 leather armour.
  1382 | D:2      | 1382 ||| READING scroll labelled NAVAHE NOECOU.
  1383 | D:2      | 1383 ||| DRINKING 2 viscous puce potions.
  1384 | D:2      | 1384 ||| READING 2 scrolls of identify.
  1384 | D:2      | 1384 ||| IDENTIFYING inky potion
  1407 | D:3      | 1407 ||| STAIRDANCE
  1632 | D:3      | Found a sparkling altar of Nemelex Xobeh.
  1791 | D:3      | Reached XP level 6. HP: 38/38 MP: 6/6
  1821 | D:3      | 1821 ||| READING scroll labelled HAW FINLATSOWA.
  1822 | D:3      | 1822 ||| READING scroll labelled LUEHYC EXAIZO.
  1823 | D:3      | 1823 ||| DRINKING 2 smoky golden potions.
  1907 | D:4      | Identified the +2 whip of Ihoas {venom, rElec}
  2011 | D:4      | Reached skill level 7 in Ranged Weapons
  2012 | D:4      | HP: 9/38 [orc/+0 club (2)]
  2013 | D:4      | 2013 ||| READING scroll of teleportation.
  2022 | D:4      | 2022 ||| FLEEEEING.
  2023 | D:4      | 2023 ||| FLEEEEING.
  2024 | D:4      | 2024 ||| FLEEEEING.
  2025 | D:4      | 2025 ||| FLEEEEING.
  2026 | D:4      | 2026 ||| FLEEEEING.
  2027 | D:4      | 2027 ||| FLEEEEING.
  2028 | D:4      | 2028 ||| FLEEEEING.
  2029 | D:4      | 2029 ||| FLEEEEING.
  2030 | D:4      | 2030 ||| FLEEEEING.
  2031 | D:4      | 2031 ||| FLEEEEING.
  2032 | D:4      | 2032 ||| FLEEEEING.
  2033 | D:4      | 2033 ||| FLEEEEING.
  2034 | D:4      | 2034 ||| FLEEEEING.
  2035 | D:4      | 2035 ||| FLEEEEING.
  2036 | D:4      | 2036 ||| FLEEEEING.
  2037 | D:4      | 2037 ||| FLEEEEING.
  2038 | D:4      | 2038 ||| FLEEEEING.
  2044 | D:4      | HP: 9/38 [orc/+0 flail (3)]
  2045 | D:4      | HP: 3/38 [frozen (5)]
  2240 | D:4      | Noticed Grinder
  2257 | D:4      | Killed Grinder
  2258 | D:4      | Reached skill level 8 in Ranged Weapons
  2258 | D:4      | Reached XP level 7. HP: 30/43 MP: 7/7
  2648 | D:4      | 2648 ||| Stepping ~*~*~tactically~*~*~ (outnumbered).
  2682 | D:4      | HP: 7/43 [orc/+0 hand axe (5)]
  2683 | D:4      | 2683 ||| READING scroll of teleportation.
  2894 | D:4      | 2894 ||| Stepping ~*~*~tactically~*~*~ (outnumbered).
  3028 | D:4      | 3028 ||| UPGRADING to +2 ring mail of cold resistance.
  3038 | D:4      | 3038 ||| DROPPING +0 ring mail.
  3039 | D:4      | 3039 ||| UPGRADING to amulet of faith.
  3044 | D:4      | 3044 ||| UPGRADING to ring of positive energy.
  3045 | D:4      | 3045 ||| READING 3 scrolls of identify.
  3045 | D:4      | 3045 ||| IDENTIFYING murky puce potion
  3046 | D:4      | 3046 ||| READING 2 scrolls of identify.
  3046 | D:4      | 3046 ||| IDENTIFYING cyan potion
  3047 | D:4      | 3047 ||| DROPPING potion of invisibility.
  3063 | D:5      | Entered Level 5 of the Dungeon
  3452 | D:5      | Reached XP level 8. HP: 50/50 MP: 8/8
  3467 | D:5      | 3467 ||| Stepping ~*~*~tactically~*~*~ (retreating).
  3471 | D:5      | 3471 ||| Stepping ~*~*~tactically~*~*~ (retreating).
  3499 | D:5      | Reached skill level 9 in Ranged Weapons
  3499 | D:5      | 3499 ||| FLEEEEING.
  3503 | D:5      | 3503 ||| FLEEEEING.
  3504 | D:5      | 3504 ||| FLEEEEING.
  3505 | D:5      | 3505 ||| FLEEEEING.
  3507 | D:5      | 3507 ||| FLEEEEING.
  3508 | D:5      | 3508 ||| FLEEEEING.
  3513 | D:5      | 3513 ||| FLEEEEING.
  3514 | D:5      | 3514 ||| FLEEEEING.
  3515 | D:5      | 3515 ||| FLEEEEING.
  3516 | D:5      | 3516 ||| FLEEEEING.
  3644 | D:5      | Reached skill level 6 in Fighting
  3867 | D:5      | HP: 9/51 [orc warrior/arrow (16)]
  3868 | D:5      | 3868 ||| DRINKING potion of heal wounds.
  4006 | D:5      | 4006 ||| SWAPPING to +0 orcbow.
  4007 | D:5      | 4007 ||| DROPPING +0 shortbow of freezing.
  4018 | D:5      | 4018 ||| READING scroll labelled GOWALONLIFU.
  4019 | D:5      | 4019 ||| READING scroll labelled DULEUDWOYW.
  4019 | D:5      | Identified a scroll of acquirement
  4019 | D:5      | 4019 ||| ACQUIRING scarf "Juicuh" {harm, Dex+5}
  4019 | D:5      | Acquired the scarf "Juicuh" {harm, Dex+5}
  4021 | D:5      | 4021 ||| READING 2 scrolls of identify.
  4021 | D:5      | 4021 ||| IDENTIFYING coppery potion
  4059 | D:6      | Noticed a red ugly thing
  4061 | D:6      | 4061 ||| STAIRDANCE
  4072 | D:6      | Mangled by a red ugly thing

Levels and vault maps discovered:
D:1:      elethiomel_arrival_infinity_welcomes_careful_drivers, layout_rooms
D:2:      layout_rooms, kennysheep_generic_room_14
D:3:      layout_rooms, nemelex_altar_shiori
D:4:      layout_basic, minmay_box_of_dots, uniq_grinder
D:5:      minmay_clustersquares, layout_basic
D:6:      layout_loops_ring, minmay_temple_entry_grid,
          biasface_ghost_orc_armoury

Skill      XL: |  1  2  3  4  5  6  7  8 |
---------------+-------------------------+-----
Ranged Weapons | 5 6 8 9 |  9.8
Fighting       | 3 4 5 6 |  6.1
Armour         | 1 2 |  2.1
Dodging        | 2 |  2.0
Stealth        | |  1.1

Action                     |  1- 3 |  4- 6 |  7- 9 || total
---------------------------+-------+-------+-------++-------
   Fire: Shortbow          |   142 |   229 |   192 ||   563
         Orcbow            |       |       |     9 ||     9
    Use: Scroll            |     3 |     5 |     6 ||    14
         Potion            |       |     2 |     1 ||     3
 Armour: Leather armour    |    52 |    13 |       ||    65
         Ring mail         |       |    56 |   197 ||   253
  Dodge: Dodged            |    48 |    84 |   109 ||   241

Table legend:
 A = Non-vault XP
 B = Vault XP
 C = Vault XP percentage of total XP
 D = Non-vault monster count
 E = Vault monster count
 F = Vault count percentage of total count
                 A         B        C        D         E       F
            +---------+---------+-------+---------+---------+-------
      Total |    1041 |    1113 |  51.7 |     114 |      18 |  13.6
            +---------+---------+-------+---------+---------+-------
        D:1 |      78 |       0 |   0.0 |      38 |       0 |   0.0
        D:2 |     147 |       2 |   1.3 |      25 |       1 |   3.8
        D:3 |      95 |       0 |   0.0 |      15 |       0 |   0.0
        D:4 |     392 |     265 |  40.3 |      30 |       2 |   6.2
        D:5 |     329 |     846 |  72.0 |       6 |      15 |  71.4
            +---------+---------+-------+---------+---------+-------
